 Dungeon Crawl Stone Soup version 0.29-a0-118-g06d03a830b (webtiles) character file.

Game seed: 2141241461919337261

1036 Grim the Destroyer (level 8, -2/41 HPs)
             Began as a Deep Elf Conjurer on Feb 19, 2022.
             Shot with an arrow by a centaur (9 damage)
             ... on level 6 of the Dungeon.
             The game lasted 00:17:18 (6941 turns).

Grim the Destroyer (Deep Elf Conjurer)              Turns: 6941, Time: 00:17:19

Health: -2/41      AC:  6    Str:  6    XL:     8   Next: 3%
Magic:  7/16       EV: 12    Int: 24    God:
Gold:   272        SH:  0    Dex: 13    Spells: 6/16 levels left

rFire   . . .      SeeInvis +   z - +1 falchion (holy)
rCold   . . .      Faith    .   (no shield)
rNeg    . . .      Spirit   .   a - +0 robe
rPois   .          Reflect  .   y - +2 helmet
rElec   .          Harm     .   (no cloak)
rCorr   .          Rampage  .   (no gloves)
Will    .....                   r - +0 pair of boots
Stlth   ++........              (no amulet)
HPRegen 0.13/turn               k - ring of wizardry
MPRegen 0.15/turn               i - ring of see invisible

@: no status effects
A: no striking features
a: no special abilities


You were on level 6 of the Dungeon.
You visited 1 branch of the dungeon, and saw 6 of its levels.

You collected 272 gold pieces.

Inventory:

Hand Weapons
 z - a +1 falchion of holy wrath (weapon)
Missiles
 s - 17 poisoned darts
Armour
 a - a +0 robe (worn)
 r - a +0 pair of boots (worn)
 y - a +2 helmet (worn)
Jewellery
 i - a ring of see invisible (right hand)
 k - a ring of wizardry (left hand)
 n - a ring of protection from fire
 q - a +4 ring of slaying
 B - a ring of resist corrosion
Wands
 D - a wand of polymorph (10)
Scrolls
 b - 5 scrolls of identify {unknown}
 g - 2 scrolls of teleportation {unknown}
 j - 3 scrolls of vulnerability {unknown}
 o - a scroll of amnesia {unknown}
 p - a scroll of fear {unknown}
 u - a scroll of fog {unknown}
 v - 3 scrolls of blinking {unknown}
 x - 2 scrolls of noise {unknown}
 A - a scroll of brand weapon {unknown}
Potions
 c - a potion of invisibility
 d - 2 potions of attraction {unknown}
 e - a potion of haste {unknown}
 f - 2 potions of heal wounds {unknown}
 h - a potion of mutation {unknown}
 l - a potion of degeneration {unknown}
 m - a potion of magic {unknown}
 t - 2 potions of flight {unknown}
 w - a potion of curing {unknown}
 C - 2 potions of lignification {unknown}
 E - a potion of might {unknown}


   Skills:
 - Level 2.4 Dodging
 - Level 2.4 Stealth
 + Level 4.6 Spellcasting
 * Level 9.2 Conjurations
 - Level 6.3 Hexes


You had 6 spell levels left.
You knew the following spells:

 Your Spells              Type           Power      Damage    Failure   Level
a - Magic Dart            Conj           100%       1d8       1%          1
b - Searing Ray           Conj           100%       2d8       1%          2
c - Dazzling Flash        Conj/Hex       86%        N/A       1%          3
d - Fulminant Prism       Conj/Hex       21%        3d13      1%          4

Your spell library contained the following spells:

 Spells                   Type           Power      Damage    Failure   Level
 Beastly Appendage        Tmut           10%        N/A       4%          1
 Freeze                   Ice            20%        1d4       4%          1
 Pain                     Necr           20%        1d5       4%          1
 Sandblast                Erth           10%        2d5       4%          1
 Hailstorm                Conj/Ice       27%        3d7       6%          4
 Iskenderun's Mystic Bla  Conj/Tloc      27%        2d7       6%          4
 Frozen Ramparts          Ice            10%        1d3       12%         3
 Summon Mana Viper        Hex/Summ       20%        N/A       26%         5
 Lee's Rapid Deconstruct  Erth           2%         3d6*      67%         5
 Summon Forest            Summ/Tloc      2%         N/A       67%         5
 Summon Cactus Giant      Summ           2%         N/A       99%         6


Dungeon Overview and Level Annotations

Branches:
Dungeon (6/15)
 Temple: D:4-7

Altars:

Annotations:
D:5 Blork the orc


Message History

You miscast Fulminant Prism.
You are very lightly contaminated with residual magic.
Nothing appears to happen.
Casting: Fulminant Prism (dangerous; 1% risk of failure)
Confirm with . or Enter, or press ? or * to list all spells.
Aiming: Fulminant Prism (dangerous; 1% risk of failure)
Press: ? - help, Dir - move target You conjure a prism of explosive energy!
A fulminant prism comes into view.
The puff of frost hits your fulminant prism.
Your fulminant prism resists.
The centaur shoots an arrow.
The arrow completely misses you.
Your fulminant prism crackles loudly.
You hear an explosion!
You hear a roar!
The blast of energy engulfs the centaur!!
The centaur is almost dead.
You hear a shout! x3; You hear an angry hiss.
Casting: Fulminant Prism (dangerous; 1% risk of failure)
Confirm with . or Enter, or press ? or * to list all spells.
Aiming: Magic Dart (safe; 1% risk of failure)
Press: ? - help, Shift-Dir - straight line, f - centaur
Aim: a centaur, wielding a +0 shortbow and quivering arrows (almost dead, 100% to hit)
The magic dart hits the centaur.
You kill the centaur!
You have reached level 8!
You feel clever.
You start resting.
A white imp comes into view.
Your magical contamination has completely faded away.
A white imp is nearby!
An acid dragon comes into view.
A centaur comes into view.
The centaur wields a +0 shortbow.
The centaur shoots an arrow.
The arrow hits you!
* * * LOW HITPOINT WARNING * * *
The white imp shouts, "Flounder, thou shaky roguish measle!"
The centaur shoots an arrow.
The arrow hits you!
* * * LOW HITPOINT WARNING * * *
The centaur shoots an arrow.
The arrow hits you!
You die...

#. #.# #. #.#
####c###.#######.#
.................# #
#.).......#### #.
##....#.##.##.##
#..##.......##.#.#.##
...........##..###.##
..#.....@.##.## ##.#
##....#####.###.##
#.D..# ##.#.## ####
#.##.##.#.## ##.##
#... #...$..5..# #.#
#.## .c......#.# #.#
##.## ...#.####.#
###.#####...# ## #.
#.# #........)#.. #
#.# #.#.####....#


You could see an acid dragon and a centaur.

Vanquished Creatures
  A wyvern (D:5)
  Eustachio (D:5)
  Edmund (D:4)
  An orc warrior (D:6)
  A centaur (D:6)
  2 scorpions
  A scorpion zombie (D:5)
  4 iguanas
  2 orc wizards
  Terence (D:3)
  Robin (D:4)
  2 adders
  2 ufetubi
  2 worms (D:2)
  A dart slug (D:1)
  4 orcs
  7 ball pythons
  4 endoplasms
  4 giant cockroaches
  13 goblins
  15 hobgoblins
  4 jackals (D:2)
  7 kobolds
  6 quokkas
  9 bats
  10 frilled lizards
  7 rats
  A fulminant prism (D:5)
114 creatures vanquished.

Vanquished Creatures (others)
  8 fulminant prisms
  3 fungi (D:1)
  2 plants (D:1)
13 creatures vanquished.

Grand Total: 127 creatures vanquished

Notes
Turn   | Place    | Note
-------+----------+-------------------------------------------
     0 | D:1      | Grim the Deep Elf Conjurer began the quest for the Orb.
     0 | D:1      | Reached XP level 1. HP: 10/10 MP: 6/6
   312 | D:1      | Reached XP level 2. HP: 15/15 MP: 6/8
   359 | D:1      | Reached skill level 5 in Conjurations
   418 | D:1      | Learned a level 2 spell: Searing Ray
   721 | D:1      | Found a faded altar of an unknown god.
   729 | D:1      | Got Plato's Catalogue of Moulding
   910 | D:1      | Reached XP level 3. HP: 19/19 MP: 7/9
  1383 | D:2      | Reached skill level 6 in Conjurations
  1669 | D:2      | Reached XP level 4. HP: 24/24 MP: 4/10
  2328 | D:3      | Noticed a scorpion
  2342 | D:3      | Killed a scorpion
  2343 | D:3      | Reached skill level 7 in Conjurations
  2343 | D:3      | Reached XP level 5. HP: 13/28 MP: 1/11
  2713 | D:3      | Learned a level 3 spell: Dazzling Flash
  2718 | D:3      | Learned a level 4 spell: Fulminant Prism
  2915 | D:3      | Noticed Terence
  2925 | D:3      | Killed Terence
  2926 | D:3      | Reached skill level 1 in Hexes
  4000 | D:4      | Reached XP level 6. HP: 32/32 MP: 7/12
  4091 | D:4      | Got the Disquisition on Dusty Evil Arts
  4195 | D:4      | Noticed Robin
  4393 | D:4      | Killed Robin
  4830 | D:5      | Entered Level 5 of the Dungeon
  4899 | D:5      | Noticed Eustachio
  5078 | D:5      | Killed Eustachio
  5079 | D:5      | Reached skill level 5 in Hexes
  5293 | D:5      | Reached XP level 7. HP: 36/36 MP: 7/13
  5384 | D:5      | Noticed Edmund
  5523 | D:4      | Killed Edmund
  5524 | D:4      | Reached skill level 8 in Conjurations
  5881 | D:5      | Noticed Blork the orc
  5924 | D:5      | Noticed a wyvern
  6085 | D:5      | HP: 1/36 [wyvern (17)]
  6443 | D:5      | Killed a wyvern
  6659 | D:6      | Reached skill level 9 in Conjurations
  6935 | D:6      | Reached XP level 8. HP: 27/41 MP: 6/16
  6941 | D:6      | Shot with an arrow by a centaur

Illustrated notes

Levels and vault maps discovered:
D:1:      ncdulo_watergridlock, layout_basic,
          shapermc_ecumenical_altar_rom_forum, nrook_mini_vaults
D:2:      minmay_door_path, layout_rooms, minmay_misc_feat_secret_circle,
          minmay_stone_trees_medium
D:3:      layout_basic, uniq_terence
D:4:      layout_loops_ring, uniq_robin
D:5:      layout_loops_cross, minmay_crystal_room, uniq_edmund, uniq_eustachio,
          uniq_blork_the_orc
D:6:      layout_loops_ring

Skill      XL: |  1  2  3  4  5  6  7 |
---------------+----------------------+-----
Conjurations   | 5 6 7 9 |  9.2
Hexes          | 3 5 6 |  6.3
Spellcasting   | 4 |  4.6
Dodging        | |  2.4
Stealth        | |  2.4

Action                   |  1- 3 |  4- 6 |  7- 9 || total
-------------------------+-------+-------+-------++-------
Melee: Unarmed           |     1 |     5 |       ||     6
       Falchion          |       |       |     8 ||     8
       Punch             |       |       |     1 ||     1
 Cast: Magic Dart        |    86 |    77 |    28 ||   191
       Searing Ray       |     2 |    19 |     6 ||    27
       Dazzling Flash    |       |     2 |     1 ||     3
       Fulminant Prism   |       |     4 |     5 ||     9
  Use: Potion            |       |       |     2 ||     2
Armor: Robe              |       |    12 |     4 ||    16
Dodge: Dodged            |     1 |    28 |    22 ||    51

Table legend: (Time is in decaauts)
 A = Elapsed time spent in this place.
 B = Non-inter-level travel time spent in this place.
 C = Inter-level travel time spent in this place.
 D = Time resting spent in this place.
 E = Time spent auto-exploring this place.
 F = Levels seen in this place.
 G = Mean time per level.
                   A        B        C        D        E       F      G
               +--------+--------+--------+--------+--------+-----+--------+
         Total |   6949 |   6792 |    157 |   2926 |   2934 |   6 | 1158.2 |
       Dungeon |   6949 |   6792 |    157 |   2926 |   2934 |   6 | 1158.2 |
               +--------+--------+--------+--------+--------+-----+--------+

Top non-repeatable levels by time:
     D:4: 1979 daAuts
     D:3: 1277 daAuts
     D:5: 1194 daAuts
     D:2: 1184 daAuts
     D:1: 1010 daAuts
     D:6: 303 daAuts
